 Dungeon Sprint DCSS version 0.32-a0-918-g0f22ef8d61 (webtiles) character file.

Game seed: 10205708698548549447

2825 Conn the Destroyer (level 9, -2/60 HPs)
             Began as an Octopode Fire Elementalist on Apr 10, 2024.
             Was a High Priest of Sif Muna.
             Slain by a gargoyle
             ... wielding a +1 morningstar of holy wrath
              (28 damage)
             ... in the Dungeon (Sprint VII: "The Pits").
             The game lasted 00:11:26 (1691 turns).

Conn the Destroyer (Octopode Fire Elementalist)     Turns: 1691, Time: 00:11:26

Health: -2/60      AC:  1    Str:  8    XL:     9   Next: 73%
Magic:  11/22      EV: 18    Int: 24    God:    Sif Muna [*****.]
Gold:   0          SH:  0    Dex: 12    Spells: 6/27 levels left

rFire   . . .        l - +2 quarterstaff (protect)
rCold   . . .        (shield currently unavailable)
rNeg    . . .        (helmet restricted)
rPois   .            (no amulet)
rElec   .            n - +3 ring of evasion
rCorr   .            o - +3 ring of intelligence
SInv    .            (no ring)
Will    .....        (no ring)
Stlth   +++          (no ring)
HPRegen 0.30/turn    (no ring)
MPRegen 0.18/turn    (no ring)
                     (no ring)

%: no teleportation
@: no status effects
A: almost no armour, amphibious, 8 rings, camouflage 1, gelatinous body 1,
(nimble swimmer 1), tentacles
a: Renounce Religion, Channel Magic, Forget Spell, Divine Exegesis


You were in the Dungeon.
You worshipped Sif Muna.
Sif Muna was extremely pleased with you.
You visited 1 branch

Inventory:

Hand Weapons
 g - a +2 falchion
 l - a +2 quarterstaff of protection (weapon)
Armour
 m - a +0 kite shield
Jewellery
 n - a +3 ring of evasion (left tentacle)
 o - a +3 ring of intelligence (right tentacle)
Scrolls
 f - a scroll of blinking
 i - 2 scrolls of vulnerability
 j - 5 scrolls of amnesia
 k - a scroll of summoning
Potions
 a - 5 potions of magic
 b - 6 potions of curing
 c - 5 potions of heal wounds
 d - 2 potions of haste
 e - 4 potions of berserk rage
 p - a potion of mutation
 q - a potion of might
 r - 4 potions of brilliance


   Skills:
 + Level 4.9 Fighting
 - Level 0.5 Long Blades
 + Level 7.7 Dodging
 - Level 4.0 Stealth
 + Level 4.7 Shields
 * Level 9.6 Spellcasting
 * Level 9.7 Conjurations
 + Level 4.7 Hexes
 + Level 3.8 Summonings
 + Level 3.5 Translocations
 + Level 9.2 Fire Magic
 + Level 3.5 Ice Magic
 + Level 7.0 Invocations


You had 6 spell levels left.
You knew the following spells:

 Your Spells              Type           Power      Damage    Failure   Level
a - Foxfire               Conj/Fire      100%       2x1d9     1%          1
b - Scorch                Fire           100%       2d9       1%          2
c - Inner Flame           Hex/Fire       45%        N/A       1%          3
d - Flame Wave            Conj/Fire      54%        2d13      1%          4
e - Summon Blazeheart Go  Fire/Summ      42%        N/A       3%          4
f - Iskenderun's Mystic   Conj/Tloc      43%        2d10      (+2d53%     4
g - Summon Ice Beast      Ice/Summ       29%        N/A       3%          3

Your spell library contained the following spells:

 Spells                   Type           Power      Damage    Failure   Level
 Apportation              Tloc           56%        N/A       1%          1
 Volatile Blastmotes      Fire/Tloc      84%        2d17      1%          3
 Sigil of Binding         Hex            34%        N/A       2%          3
 Tukima's Dance           Hex            34%        N/A       2%          3
 Call Canine Familiar     Summ           29%        N/A       3%          3
 Dimensional Bullseye     Hex/Tloc       15%        N/A       10%         4
 Dispersal                Tloc           14%        N/A       89%         6


Dungeon Overview and Level Annotations

Branches:
Dungeon (1/1)

Altars:
Ashenzari
Cheibriados
Dithmenos
Elyvilon
Fedhas
Gozag
Hepliaklqana
Kikubaaqudgha
Makhleb
Nemelex Xobeh
Okawaru
Qazlal
Ru
Sif Muna
Trog
Uskayaw
Vehumet
Wu Jian
Xom
Yredelemnul
Zin
The Shining One
Beogh
Jiyva
Lugonu


Innate Abilities, Weirdness & Mutations

You cannot wear most types of armour.
You are amphibious.
You can wear up to eight rings at the same time.
Your skin changes colour to match your surroundings (Stealth+).
Your rubbery body absorbs attacks. (AC +1, EV +1)
((You are camouflaged when in or above water. (Stealth+)))
You have tentacles for arms and can constrict up to eight enemies at once.


Message History

Sif Muna grants you a gift!
The adder skeleton explodes!
Sif Muna accepts your kill.
You feel a bit more experienced.
You hear an explosion!
You hear a shout!
You hear an angry hiss.
You hear two shouts!
You hear a roar!
Unknown command.
You pick up a book of the Hunter and begin reading...
You add the spells Sigil of Binding and Call Canine Familiar to your library.
Your foxfire dissipates!
There is an open door here.
You close the door.
You start resting.
A gargoyle comes into view.
It is wielding a +1 morningstar of holy wrath.
There is an open door here.
A centaur opens the door.
Something unseen opens the door.
A centaur comes into view.
The centaur shouts!
The centaur wields a +0 shortbow.
The centaur shoots an arrow.
The arrow hits you.
Casting: Foxfire (safe; 1% risk of failure)
Confirm with . or Enter, or press ? or * to list all spells.
A fiery spirit appears, bound in slag iron.
The gargoyle misses you.
The centaur shoots an arrow.
The arrow completely misses your blazeheart golem.
The arrow hits you!
The centaur shoots an arrow.
The arrow hits you.
Your blazeheart golem punches the gargoyle but does no damage.
Your blazeheart golem's core grows cold and it stops moving.
There is an open door, spattered with blood here.
Unknown command.
The gargoyle attacks as it pursues you!
The gargoyle hits you with a +1 morningstar of holy wrath!
Casting: Summon Blazeheart Golem (dangerous; 3% risk of failure)
Confirm with . or Enter, or press ? or * to list all spells.
A fiery spirit appears, bound in slag iron.
A laughing skull comes into view.
The gargoyle hits you with a +1 morningstar of holy wrath!!
You die...

.#[[##................#
.#).#####'#####''######
##))##.......##''##############
.#))##.......##......#...c....#
.#..##.......##...÷###c..###...#
##'###...<...##...##.'...'.#
.... †...##.......##.9##..##'##
... †...##.......##..#..##...##
.. ######.......##.@#.9#.....# .
.#..###########..9..'..z..'.
.#.############..#÷.#.....#..
.#.#....#..[[##..#..##...##..
.#'#....#..[[##..##..##+##
.#.†....'..))##...##.+
.#÷#....#..))##....###
.÷.#....#..))##......#
######################


You could see a gargoyle (ally target), a laughing skull (wandering) and a
friendly blazeheart golem (summoned).

Vanquished Creatures
  A deep troll (D)
  An elephant (D)
  A rime drake (D)
  A hornet (D)
  A guardian mummy (D)
  2 glass eyes (D)
  A fire bat (D)
  A ynoxinul (D)
  A steam dragon (D)
  An ice beast (D)
  A wolf (D)
  A weeping skull (D)
  A gnoll sergeant (D)
  A scorpion (D)
  A bullfrog (D)
  A hell rat (D)
  A mummy (D)
  5 gnolls (D)
  An adder (D)
  2 river rats (D)
  An ufetubus (D)
  2 adder skeletons (D)
  An orc (D)
  A bat (D)
  A goblin (D)
  2 jackals (D)
  A ball python (D)
  2 ball python skeletons (D)
  A frilled lizard (D)
  A jackal skeleton (D)
  2 rats (D)
41 creatures vanquished.

Vanquished Creatures (others)
  A frilled lizard (D)
  A quokka zombie (D)
  2 blazeheart cores (D)
  59 foxfires (D)
63 creatures vanquished.

Grand Total: 104 creatures vanquished

Notes
Turn   | Place    | Note
-------+----------+-------------------------------------------
     0 | D        | Conn the Octopode Fire Elementalist began the quest for the
                  | Orb.
     0 | D        | Reached XP level 1. HP: 11/11 MP: 3/3
    78 | D        | Found a bloodstained altar of Trog.
    78 | D        | Found a shimmering blue altar of Sif Muna.
    78 | D        | Found a viscous altar of Jiyva.
    78 | D        | Found a hazy altar of Hepliaklqana.
    78 | D        | Found an opulent altar of Gozag.
    79 | D        | Found a glowing golden altar of the Shining One.
    79 | D        | Found a glowing silver altar of Zin.
    79 | D        | Found a basalt altar of Yredelemnul.
    79 | D        | Found a shimmering altar of Xom.
    79 | D        | Found an ornate altar of the Wu Jian Council.
    79 | D        | Found a sacrificial altar of Ru.
    79 | D        | Found a stormy altar of Qazlal.
    79 | D        | Found an iron altar of Okawaru.
    79 | D        | Found a sparkling altar of Nemelex Xobeh.
    79 | D        | Found a burning altar of Makhleb.
    79 | D        | Found a blossoming altar of Fedhas.
    79 | D        | Found a white marble altar of Elyvilon.
    79 | D        | Found a shadowy altar of Dithmenos.
    79 | D        | Found a snail-covered altar of Cheibriados.
    80 | D        | Found a radiant altar of Vehumet.
    80 | D        | Found a corrupted altar of Lugonu.
    80 | D        | Found a roughly hewn altar of Beogh.
    81 | D        | Found an ancient bone altar of Kikubaaqudgha.
    81 | D        | Found a hide-covered altar of Uskayaw.
    81 | D        | Found a broken altar of Ashenzari.
    88 | D        | Became a worshipper of Sif Muna the Loreminder
   103 | D        | Reached XP level 2. HP: 8/17 MP: 1/5
   143 | D        | Noticed a scorpion
   151 | D        | Learned a level 2 spell: Scorch
   164 | D        | Killed a scorpion
   164 | D        | Reached * piety under Sif Muna
   165 | D        | Reached XP level 3. HP: 18/22 MP: 0/8
   165 | D        | Reached XP level 4. HP: 22/27 MP: 0/9
   210 | D        | Learned a level 3 spell: Inner Flame
   215 | D        | Learned a level 4 spell: Flame Wave
   244 | D        | Reached ** piety under Sif Muna
   253 | D        | Reached skill level 1 in Invocations
   320 | D        | Noticed a fire bat
   322 | D        | Noticed a gnoll sergeant
   329 | D        | Noticed an ice beast
   331 | D        | Killed a fire bat
   331 | D        | Reached *** piety under Sif Muna
   332 | D        | Reached skill level 5 in Spellcasting
   332 | D        | Reached skill level 5 in Conjurations
   332 | D        | Reached XP level 5. HP: 22/32 MP: 4/13
   332 | D        | Reached XP level 6. HP: 25/37 MP: 4/14
   339 | D        | Killed an ice beast
   340 | D        | Reached skill level 5 in Dodging
   374 | D        | Reached **** piety under Sif Muna
   433 | D        | Reached XP level 7. HP: 42/42 MP: 6/17
   525 | D        | Reached skill level 1 in Fighting
   532 | D        | Reached ***** piety under Sif Muna
   604 | D        | Reached skill level 1 in Shields
   604 | D        | Reached skill level 1 in Hexes
   604 | D        | Reached skill level 5 in Invocations
   643 | D        | Noticed a glass eye
   646 | D        | Killed a glass eye
   646 | D        | Received a gift from Sif Muna
   648 | D        | Got Uxzeonas's Grimoire of Calling and the Voyage {god
                  | gift}
   661 | D        | Learned a level 4 spell: Summon Blazeheart Golem
   666 | D        | Learned a level 4 spell: Iskenderun's Mystic Blast
   670 | D        | Learned a level 3 spell: Summon Ice Beast
   708 | D        | Noticed a guardian mummy
   711 | D        | Noticed a rime drake
   714 | D        | Killed a rime drake
   715 | D        | Reached skill level 1 in Summonings
   715 | D        | Reached skill level 1 in Translocations
   715 | D        | Reached skill level 1 in Ice Magic
   715 | D        | Reached XP level 8. HP: 52/52 MP: 6/20
   717 | D        | Killed a guardian mummy
   963 | D        | Noticed a ynoxinul
  1134 | D        | Killed a ynoxinul
  1256 | D        | Noticed a hornet
  1266 | D        | Killed a hornet
  1266 | D        | Received a gift from Sif Muna
  1267 | D        | Reached XP level 9. HP: 58/58 MP: 7/21
  1386 | D        | Noticed a deep troll
  1393 | D        | Killed a deep troll
  1547 | D        | Noticed an elephant
  1557 | D        | Killed an elephant
  1639 | D        | Noticed a necromancer
  1673 | D        | Received a gift from Sif Muna
  1681 | D        | Noticed a gargoyle
  1691 | D        | Slain by a gargoyle

Illustrated notes

Levels and vault maps discovered:
D:        pitsprint [storerooms_1, entrance_room_1, metal_vault_6, armoury_2,
          mini_pit_1, grid_room_1, main_hall_1, silver_pit, the_coven_1,
          the_vestibule_1, steel_vault_3, golden_pit, hallway_of_sentries,
          crystal_vault_2, iron_vault_1, final_vault]

Skill      XL: |  1  2  3  4  5  6  7  8  9 |
---------------+----------------------------+-----
Stealth        | 3 4 |  4.0
Fire Magic     | 4 6 7 8 9 |  9.2
Dodging        | 3 4 5 6 7 |  7.7
Spellcasting   | 3 5 7 8 9 |  9.6
Conjurations   | 5 6 8 9 |  9.7
Invocations    | 3 4 5 6 7 |  7.0
Fighting       | 3 4 |  4.9
Shields        | 2 3 4 |  4.7
Hexes          | 2 3 4 |  4.7
Summonings     | 1 2 3 |  3.8
Translocations | 1 2 3 |  3.5
Ice Magic      | 1 2 3 |  3.5
Long Blades    | |  0.5

Action                     |  1- 3 |  4- 6 |  7- 9 || total
---------------------------+-------+-------+-------++-------
  Melee: Falchion          |     7 |     3 |       ||    10
         Tentacles         |     4 |       |     2 ||     6
         Constrict         |     3 |     2 |     2 ||     7
         Quarterstaff      |       |     4 |    11 ||    15
   Cast: Foxfire           |     8 |    15 |    12 ||    35
         Scorch            |     1 |     6 |    22 ||    29
         Inner Flame       |       |     5 |    10 ||    15
         Flame Wave        |       |       |     3 ||     3
         Summon Blazeheart |       |       |     4 ||     4
 Invoke: Channel Magic     |       |     1 |       ||     1
    Use: Potion            |     2 |     2 |     1 ||     5
   Stab: Invisible         |       |     1 |       ||     1
 Armour: Skin              |    14 |     6 |    22 ||    42
  Dodge: Dodged            |    12 |    11 |    16 ||    39

Table legend: (Time is in decaauts)
 A = Elapsed time spent in this place.
 B = Non-inter-level travel time spent in this place.
 C = Inter-level travel time spent in this place.
 D = Time resting spent in this place.
 E = Time spent auto-exploring this place.
 F = Levels seen in this place.
 G = Mean time per level.
                   A        B        C        D        E       F      G
               +--------+--------+--------+--------+--------+-----+--------+
         Total |   1708 |   1708 |      0 |    995 |      0 |   1 | 1708.0 |
       Dungeon |   1708 |   1708 |      0 |    995 |      0 |   1 | 1708.0 |
               +--------+--------+--------+--------+--------+-----+--------+

Top non-repeatable levels by time:
       D: 1708 daAuts
